 Dungeon Crawl Stone Soup version 0.18.1-48-g4cf74bf (webtiles) character file.

240 torvon the Stinger (level 5, -5/25 HPs)
             Began as a Spriggan Venom Mage on Aug 11, 2016.
             Shot with an arrow by a centaur (9 damage)
             ... on level 4 of the Dungeon.
             The game lasted 00:19:02 (4474 turns).

torvon the Stinger (Spriggan Venom Mage)            Turns: 4474, Time: 00:19:03

Health: -5/25      AC:  7    Str:  4    XL:     5   Next: 79%
Magic:  5/12       EV: 15    Int: 17    God:
Gold:   248        SH:  0    Dex: 17    Spells: 2 memorised, 8 levels left

rFire  . . .     SeeInvis +     e - +2 short sword (protect)
rCold  . . .     Gourm    .     a - +0 robe
rNeg   . . .     Faith    .     (shield restricted)
rPois  .         Spirit   .     (helmet restricted)
rElec  .         Dismiss  .     (no cloak)
rCorr  .         Reflect  .     (gloves unavailable)
SustAt .         Harm     .     (boots unavailable)
MR     .....                    (no amulet)
Stlth  +++.......               (no ring)
                                (no ring)

@: very quick, not resistant to hostile enchantments, fairly stealthy
A: unfitting armour, see invisible, herbivore 3, speed 3, slow metabolism 2
a: no special abilities


You were on level 4 of the Dungeon.
You were not hungry.

You visited 1 branch of the dungeon, and saw 4 of its levels.
You also visited: Sewer.

You collected 248 gold pieces.

Inventory:

Hand Weapons
 e - a +2 short sword of protection (weapon)
 o - a +0 dagger
 w - a +0 club
 z - a +0 short sword of venom
 D - a +0 blowgun
Missiles
 y - 7 poisoned javelins
 C - 13 poisoned needles
Armour
 a - a +0 robe (worn)
Jewellery
 k - a cursed ring of loudness {unknown}
 n - an uncursed ring of poison resistance {unknown}
Wands
 B - a wand of iceblast (11/15)
Scrolls
 f - 4 scrolls of remove curse
 g - a scroll of random uselessness {unknown}
 h - a scroll of fog {unknown}
 j - a scroll of teleportation {unknown}
 t - 2 scrolls of identify {unknown}
 v - a scroll of enchant weapon {unknown}
 A - a scroll of blinking {unknown}
Potions
 d - a potion of flight {unknown}
 i - a potion of cure mutation {unknown}
 l - 2 potions of haste {unknown}
 m - 3 potions of mutation {unknown}
 s - 2 potions of curing {unknown}
 u - a potion of might {unknown}
Books
 b - a Young Poisoner's Handbook

   Spells                             Type                      Level
   a - Sting                          Conjuration/Poison           1
   b - Cure Poison                    Poison                       2
   c - Mephitic Cloud                 Conjuration/Poison/Air       3
   d - Olgreb's Toxic Radiance        Poison                       4
   e - Venom Bolt                     Conjuration/Poison           5
Miscellaneous
 r - a plain deck of wonders
Comestibles
 c - 4 bread rations
 p - 3 beef jerkies
 q - a fruit
 x - a royal jelly


   Skills:
 - Level 0.8 Fighting
 + Level 4.6 Dodging
 + Level 4.0 Stealth
 + Level 4.1 Spellcasting
 + Level 1.2 Conjurations
 * Level 5.2 Poison Magic


You had 8 spell levels left.
You knew the following spells:

 Your Spells              Type           Power        Failure   Level  Hunger
a - Sting                 Conj/Pois      ##..         4%          1    None
b - Mephitic Cloud        Conj/Pois/Air  ##......     21%         3    ###....


Dungeon Overview and Level Annotations

Branches:
Dungeon (4/15)
 Temple: D:4-7

Altars:
Nemelex Xobeh

Annotations:
D:4 dvd's ghost, amateur DsNe


Innate Abilities, Weirdness & Mutations

You are tiny and cannot use many weapons and most armour.
You have supernaturally acute eyesight.
You are a herbivore.
You cover ground extremely quickly.
You need consume almost no food.


Message History

The sting hits the worm.
The worm looks even sicker.
The worm is severely wounded.
You kill the worm!
You see here a worm corpse.
You start resting.
Casting: Sting
Confirm with . or Enter, or press ? or * to list all spells.
Aiming: Sting
Press: ? - help, Shift-Dir - straight line, f - centaur
Aim: a centaur, wielding a shortbow (hasn't noticed you)
The sting hits the centaur.
The centaur appears unharmed.
The centaur shouts!
The centaur shoots an arrow.
The arrow hits you!
Ouch! That really hurt!
The centaur shoots an arrow.
The arrow hits you.
* * * LOW HITPOINT WARNING * * *
Your magical contamination has completely faded away.
There is a stone staircase leading up here.
The centaur shoots an arrow.
The arrow hits you!
You die...

#.#.##..###c#a.........
#.=w........#.####.####
#..c.....# #.# #
#..####### #.# # #(.#
#.# # #..##########.# #
#†.##.........# #
#..##.######### #
#@.##.# # ##..##.# ##
#......## #. #.###...#
#. #. #.#.# #. #. #.#.#
#. #. ..#.# #. ##
.###.# #. .. #.# #.


You could see a centaur.

Vanquished Creatures
  A giant frog (Sewer)
  Ijyb (D:2)
  5 adders
  A river rat (D:3)
  2 worms
  2 dart slugs
  5 ball pythons
  6 bats
  13 giant cockroaches
  18 goblins
  10 hobgoblins
  3 jackals (D:2)
  8 giant newts
  4 kobolds
  8 rats (D:3)
87 creatures vanquished.

Notes
Turn   | Place    | Note
--------------------------------------------------------------
     0 | D:1      | torvon the Spriggan Venom Mage began the quest for the Orb.
     0 | D:1      | Reached XP level 1. HP: 9/9 MP: 5/5
   317 | D:1      | Reached XP level 2. HP: 14/14 MP: 5/7
  1353 | D:2      | Found a sparkling altar of Nemelex Xobeh.
  1520 | D:2      | Reached XP level 3. HP: 17/17 MP: 5/8
  1580 | D:2      | Noticed Ijyb
  1741 | D:2      | Killed Ijyb
  2195 | D:2      | Reached XP level 4. HP: 21/21 MP: 7/10
  2565 | D:3      | Learned a level 3 spell: Mephitic Cloud
  2794 | D:3      | Found a glowing drain.
  2824 | Sewer    | Entered a sewer
  3034 | Sewer    | Reached XP level 5. HP: 22/25 MP: 1/11
  3077 | Sewer    | Reached skill level 1 in Conjurations
  3473 | Sewer    | Reached skill level 5 in Poison Magic
  4234 | D:4      | Noticed dvd's ghost (amateur DsNe)
  4400 | D:4      | Noticed a centaur
  4474 | D:4      | Shot with an arrow by a centaur

Skill      XL: |  1  2  3  4  5 |
---------------+----------------+-----
Spellcasting   | 3 4 |  4.1
Dodging        | 4 |  4.6
Conjurations   | 1 |  1.2
Poison Magic   | 5 |  5.2
Stealth        | 4 |  4.0
Fighting       | |  0.8

Action                   |  1- 3 |  4- 6 || total
-------------------------+-------+-------++-------
Melee: Short sword       |    53 |    61 ||   114
 Cast: Sting             |    57 |   110 ||   167
       Mephitic Cloud    |       |     3 ||     3
  Use: Scroll            |       |     1 ||     1
 Stab: Sleeping          |     1 |       ||     1
       Confused          |       |     1 ||     1
  Eat: Fruit             |       |     1 ||     1
Armor: Robe              |    15 |    15 ||    30
Dodge: Dodged            |    38 |    97 ||   135
